 Dungeon Crawl Stone Soup version 0.21-a0-88-g13b9641 (webtiles) character file.

17705 kuniqs the Grappler (level 12, -3/91 HPs)
             Began as a Vampire Fighter on June 27, 2017.
             Was a Follower of Uskayaw.
             Slain by a blink frog (5 damage)
             ... on level 2 of the Lair of Beasts.
             The game lasted 00:29:20 (13672 turns).

kuniqs the Grappler (Vampire Fighter)              Turns: 13672, Time: 00:29:21

Health: -3/91      AC: 13    Str: 19    XL:     12   Next: 21%
Magic:  16/16      EV: 12    Int: 13    God:    Uskayaw [*.....]
Gold:   657        SH: 15    Dex: 14    Spells: 11/11 levels left

rFire    . . .     SeeInvis +     - Unarmed
rCold    + . .     Gourm    .   b - +0 shield
rNeg     . . .     Faith    .   F - +2 chain mail {rC+}
rPois    .         Spirit   .   (no helmet)
rElec    .         Reflect  +   (no cloak)
rCorr    .         Harm     .   (no gloves)
MR       +....                  i - +0 pair of boots
Stlth    ..........             x - +4 amulet of reflection
HPRegen  0.45/turn              (no ring)
MPRegen  0.15/turn              (no ring)

@: lethally poisoned (-3 -> -3), regenerating quickly
A: fangs 3, repulsion field 1, see invisible, clever 1, unbreathing
a: Stomp, Renounce Religion


You were on level 2 of the Lair of Beasts.
You worshipped Uskayaw.
Uskayaw was noncommittal.
You were full.

You visited 3 branches of the dungeon, and saw 16 of its levels.
You also visited: Bailey.

You collected 657 gold pieces.

Inventory:

Armour
 b - a +0 shield (worn)
 i - a +0 pair of boots (worn)
 F - a +2 chain mail of cold resistance (worn)
Jewellery
 x - a +4 amulet of reflection (around neck)
Wands
 o - a wand of confusion (18/48)
 p - a wand of disintegration (3/24)
 u - a wand of digging (14/24)
 w - a wand of flame (10/48)
Scrolls
 e - 4 scrolls of remove curse {@r2}
 g - 2 scrolls of blinking
 k - 2 scrolls of teleportation
 s - a scroll of fear
 t - a scroll of magic mapping
 v - 6 scrolls of identify {@r1}
 y - a scroll of immolation
 z - a scroll of summoning {unknown}
 A - a scroll of random uselessness {unknown}
 C - 2 scrolls of recharging
 D - a scroll of enchant armour {unknown}
Potions
 c - 3 potions of might
 d - 11 potions of blood
 f - 2 potions of curing {@q1}
 h - a potion of berserk rage
 j - a potion of haste {unknown}
 l - a potion of cancellation
 m - a potion of heal wounds
 n - 2 potions of agility
 q - 3 potions of magic {unknown}
 r - 2 potions of mutation
 B - a potion of flight {unknown}
 E - a potion of lignification


   Skills:
 + Level 7.2 Fighting
 + Level 6.6 Armour
 + Level 8.4 Dodging
 + Level 7.3 Shields
 * Level 11.5 Unarmed Combat
 + Level 5.1 Invocations
 + Level 6.2 Evocations


You had 11 spell levels left.
You didn't know any spells.

Dungeon Overview and Level Annotations

Branches:
Dungeon (13/15)            Temple (1/1) D:6            Lair (2/6) D:8
  Snake (0/4) Lair:2          Orc (0/2) D:11
  Swamp: Lair:2-4    Shoals: Lair:2-4    Vaults: D:13-14

Altars:
Ashenzari
Cheibriados
Dithmenos
Elyvilon
Fedhas
Gozag
Hepliaklqana
Kikubaaqudgha
Makhleb
Nemelex Xobeh
Okawaru
Qazlal
Ru
Sif Muna
Trog
Uskayaw
Vehumet
Wu Jian
Xom
Yredelemnul
Zin
The Shining One

Annotations:
D:12 Rupert


Innate Abilities, Weirdness & Mutations

Your natural rate of healing is unusually fast.
You have razor-sharp teeth.
You have supernaturally acute eyesight. (SInv)
You can survive without breathing.
You are surrounded by a mild repulsion field. (EV +2)
Your mind is acute. (Int +2)


Message History

You feel sick.
The blink frog hits you but does no damage.
The blink frog hits you!
* * * LOW HITPOINT WARNING * * *
You block the blink frog's attack.
The blink frog hits you but does no damage.
The blink frog barely misses you. You block the blink frog's attack.
You feel sick.
The blink frog blinks! x2
You feel sick.
The blink frog blinks!
The blink frog blinks!
You feel sick. You block the blink frog's attack. x2
You can no longer pass through a line of other dancers.
The blink frog blinks!
You block the blink frog's attack. The blink frog barely misses you.
You block the blink frog's attack.
You feel sick. You block the blink frog's attack.
The blink frog blinks!
The blink frog closely misses you.
A porcupine comes into view.
You feel sick. The blink frog hits you.
You die...

..#..))...........,,,*,,,,,,*,,,,
.##........>......,,,**,,,,,**,,,
.##...............,,,,,,,,,,*,,,,
.#....P#.......#..,,,**,,,,,,,,,,
.#.....#.......##P***,#.,,,,****,
.......###...########...,,,,,***,
........................,,,,,,,,,
...)...<..........r.....,,,,,,,,,
...........,,,#P@##****,,,,,,,,,,
.............###FF####*,,,,,,,,,,
.....#..##...##......#,,,,,,,,,,,
.....#.##.....P......#,,,,**,,***
.##.....##....+.H....#*,..#*,,,**
.##......+....#.F..F.##,..#*,,,,,
.##.....##...##.......#...#,,,,,,
..###.P.##....#......#....##.,,,,
..####P.##....#.#.P#.##......,,,,


You could see a hippogriff, 4 blink frogs and a porcupine.

Vanquished Creatures
  The ghost of tidbits the Carver, a journeyman TeAE of Uskayaw (D:11)
  4 hydras
  The ghost of skittles the Slinger, a journeyman HaHu of Okawaru (D:9)
  Urug (D:11)
  A cyclops (D:10)
  An ugly thing (D:12)
  The ghost of Multipenetrator the Twirler, a novice OgGl (D:4)
  3 centaur zombies
  4 spiny frogs
  A gargoyle (D:11)
  A centaur skeleton (D:10)
  A troll (D:8)
  5 hippogriffs
  A wraith (D:10)
  A spriggan (D:8)
  3 yaks (D:11)
  2 hungry ghosts
  3 nagas (Lair:2)
  An acid dragon (D:12)
  3 porcupines (Lair:1)
  6 orc warriors
  3 ice beasts
  A sky beast (D:6)
  5 ogres
  An eye of draining (D:8)
  4 phantoms
  2 black bears (D:8)
  3 centaurs
  2 crocodiles
  3 wolves (D:8)
  2 big kobolds
  5 bullfrogs
  A wyvern zombie (D:6)
  A gnoll sergeant (D:7)
  2 wyvern skeletons
  3 scorpions
  11 killer bees
  3 wights (D:10)
  3 howler monkeys
  5 electric eels
  3 crimson imps
  2 bullfrog zombies
  17 orc wizards
  A quasit (D:9)
  11 hounds
  A jelly (D:9)
  11 orc priests
  2 bullfrog skeletons
  Ijyb (D:3)
  An iguana (D:9)
  8 worker ants
  A hound zombie (D:5)
  A hound skeleton (D:8)
  12 gnolls
  2 howler monkey skeletons
  15 adders
  A river rat (D:3)
  3 shadow imps
  An ooze (D:1)
  An adder skeleton (D:4)
  8 worms
  3 dart slugs
  6 leopard geckos
  39 orcs
  2 ball pythons
  8 bats
  5 giant cockroaches
  6 goblins
  10 hobgoblins
  19 jackals
  5 quokkas
  8 frilled lizards
  A jackal zombie (D:5)
  20 kobolds
  3 quokka skeletons
  14 rats
357 creatures vanquished.

Vanquished Creatures (others)
  A quokka (D:8)
  3 plants (Lair:1)
4 creatures vanquished.

Grand Total: 361 creatures vanquished

Notes
Turn   | Place    | Note
-------+----------+-------------------------------------------
     0 | D:1      | kuniqs the Vampire Fighter began the quest for the Orb.
     0 | D:1      | Reached XP level 1. HP: 17/17 MP: 1/1
   128 | D:1      | Reached XP level 2. HP: 23/23 MP: 2/2
   204 | D:1      | Reached skill level 1 in Dodging
   400 | D:1      | Reached XP level 3. HP: 28/28 MP: 3/3
   513 | D:1      | Reached skill level 3 in Unarmed Combat
  1129 | D:2      | Reached XP level 4. HP: 24/34 MP: 4/4
  1435 | D:2      | Found a bloodstained altar of Trog.
  1507 | D:3      | Found a shattered altar of Ashenzari.
  1627 | D:3      | Found an opulent altar of Gozag.
  1752 | D:3      | Found a blossoming altar of Fedhas.
  1806 | D:3      | Reached skill level 4 in Unarmed Combat
  1820 | D:3      | Reached XP level 5. HP: 23/40 MP: 5/5
  1896 | D:3      | Found a burning altar of Makhleb.
  2205 | D:3      | Noticed Ijyb
  2219 | D:3      | Killed Ijyb
  2243 | D:3      | Reached XP level 6. HP: 40/47 MP: 6/6
  2786 | D:4      | Noticed a hungry ghost
  2810 | D:4      | Killed a hungry ghost
  2810 | D:4      | Reached skill level 5 in Unarmed Combat
  2810 | D:4      | Reached skill level 1 in Evocations
  2810 | D:4      | Reached XP level 7. HP: 43/52 MP: 5/7
  2897 | D:4      | Noticed Multipenetrator's ghost (novice OgGl)
  2920 | D:5      | Entered Level 5 of the Dungeon
  3070 | D:5      | Found an ancient bone altar of Kikubaaqudgha.
  3070 | D:5      | Found a hazy altar of Hepliaklqana.
  3321 | D:4      | Found a radiant altar of Vehumet.
  3660 | D:4      | Reached skill level 6 in Unarmed Combat
  3660 | D:4      | Reached XP level 8. HP: 60/60 MP: 9/9
  3768 | D:4      | Killed Multipenetrator's ghost
  3907 | D:4      | Gained mutation: Your mind is acute. (Int +2) [potion of mutation]
  3907 | D:4      | Gained mutation: You are surrounded by a mild repulsion field. (EV +2) [potion of mutation]
  4160 | D:5      | Reached skill level 7 in Unarmed Combat
  4388 | D:6      | Reached skill level 5 in Shields
  4388 | D:6      | Reached XP level 9. HP: 44/66 MP: 11/11
  4426 | D:6      | Found a sacrificial altar of Ru.
  5034 | D:6      | Found a deep blue altar of Sif Muna.
  5068 | D:6      | Found a staircase to the Ecumenical Temple.
  5075 | D:6      | Reached skill level 5 in Dodging
  5081 | Temple   | Entered the Ecumenical Temple
  5152 | Temple   | Became a worshipper of Uskayaw the Reveler
  5230 | D:6      | Reached * piety under Uskayaw
  5403 | D:7      | Reached ** piety under Uskayaw
  5410 | D:7      | Reached skill level 8 in Unarmed Combat
  5535 | D:7      | Reached skill level 5 in Fighting
  5566 | D:7      | Reached *** piety under Uskayaw
  5571 | D:7      | Reached **** piety under Uskayaw
  5614 | D:7      | Found a glowing silver altar of Zin.
  5690 | D:7      | Reached skill level 1 in Invocations
  6027 | D:7      | Reached ***** piety under Uskayaw
  6032 | D:7      | Reached skill level 5 in Armour
  6060 | D:7      | HP: 3/68 [poisoned by a killer bee]
  6065 | D:7      | HP: 3/68 [poisoned by a killer bee]
  6070 | D:7      | HP: 3/68 [poisoned by a killer bee]
  6588 | D:8      | Found a shadowy altar of Dithmenos.
  6647 | D:8      | Reached XP level 10. HP: 74/74 MP: 13/13
  7173 | D:8      | Found a white marble altar of Elyvilon.
  7234 | D:8      | Found a basalt altar of Yredelemnul.
  7401 | D:9      | Reached skill level 9 in Unarmed Combat
  7850 | D:9      | Noticed skittles's ghost (journeyman HaHu)
  8383 | D:9      | Found a radiant altar of Vehumet.
  8684 | D:10     | Entered Level 10 of the Dungeon
  8738 | D:10     | Reached skill level 5 in Evocations
  8912 | D:10     | Noticed a cyclops
  8932 | D:10     | Killed a cyclops
  9507 | D:11     | Reached XP level 11. HP: 51/81 MP: 14/14
  9622 | D:11     | Noticed a five-headed hydra
  9659 | D:11     | Killed a five-headed hydra
  9659 | D:11     | Reached skill level 10 in Unarmed Combat
  9809 | D:11     | Noticed Urug
  9888 | D:11     | Killed Urug
 10031 | D:11     | Found a staircase to the Orcish Mines.
 10303 | D:11     | Noticed tidbits's ghost (journeyman TeAE)
 10341 | D:11     | Killed tidbits's ghost
 10436 | D:12     | Found a flagged portal.
 10458 | Bailey   | Entered a bailey
 10631 | D:12     | Noticed a green ugly thing
 10676 | D:12     | Killed a green ugly thing
 11120 | D:12     | Noticed Rupert
 11131 | D:13     | Noticed a deep elf mage
 11149 | D:13     | Noticed a tengu warrior
 11504 | D:9      | Killed skittles's ghost
 11578 | D:9      | Found a stormy altar of Qazlal.
 11688 | D:8      | Found a staircase to the Lair.
 11796 | Lair:1   | Entered Level 1 of the Lair of Beasts
 11796 | Lair:1   | Noticed a five-headed hydra
 11810 | Lair:1   | HP: 3/83 [five-headed hydra (9)]
 11811 | Lair:1   | Killed a five-headed hydra
 11811 | Lair:1   | Reached skill level 11 in Unarmed Combat
 12741 | Lair:1   | Reached XP level 12. HP: 89/91 MP: 16/16
 12861 | Lair:1   | Noticed a six-headed hydra
 12884 | Lair:1   | Killed a six-headed hydra
 13104 | Lair:2   | Noticed a six-headed hydra
 13219 | Lair:1   | Killed a six-headed hydra
 13219 | Lair:1   | Reached skill level 5 in Invocations
 13339 | Lair:2   | Found a shimmering altar of Xom.
 13533 | Lair:2   | Found a staircase to the Snake Pit.
 13662 | Lair:2   | HP: 3/91 [blink frog (10)]
 13667 | Lair:2   | HP: 2/91 [poisoned by a spiny frog]
 13672 | Lair:2   | HP: 2/91 [poisoned by a spiny frog]
 13672 | Lair:2   | Slain by a blink frog

Vault maps used:
D:1:      mrwooster_arrival_statue_2
D:2:      lightli_temple_of_fire
D:3:      nicolae_ashenzari_panopticon, grunt_gozag_statues,
          nicolae_overflow_crystal_walls, lightli_sewer_entry_pipes,
          makhleb_heckhound_becter, uniq_ijyb
D:4:      vehumet_altar_wand_db
D:5:      gammafunk_temple_overflow_statue, first_bread, serial_bayou_pond_b
D:6:      kennysheep_mini, nicolae_overflow_hidden_temple,
          minmay_temple_entry_trees, kennysheep_generic_room_14
D:7:      zin_statuary, kennysheep_generic_room_16
D:8:      elyvilon_altar_4, yredelemnul_altar_generic, erik_lair_island,
          the_bakery, grunt_dithmenos_smoke_and_mirrors
D:9:      lemuel_coloured_pillars_altar, basic_altar
D:10:     lemuel_ice_spiral_2, serial_bayou_pond_e
D:11:     orc_0_dummy, uniq_urug
D:12:     basic_altar, enter_bailey_2, stair_cage_line, lightli_church_of_beogh,
          uniq_rupert
D:13:     hangedman_vaults_entry_quadrant_bands, serial_shops,
          nicolae_shop_waterfront, minivault_19
Temple:   compressed_dpeg_triangle_lava_temple
Lair:1:   serial_bayou_lagoon_a, infiniplex_staircase_pool_2,
          serial_bayou_shore_a
Lair:2:   minmay_snake_entry_guardpost_small, basic_altar, uniq_sonja
Bailey:   bailey_polearm_2, bailey

Skill      XL: |  1  2  3  4  5  6  7  8  9 10 11 12 |
---------------+-------------------------------------+-----
Dodging        | 1 2 3 4 5 7 8 |  8.4
Unarmed Combat | 3 4 5 6 7 8 9 11 | 11.5
Armour         | 3 4 5 6 |  6.6
Shields        | 3 4 5 6 7 |  7.3
Fighting       | 3 4 5 6 7 |  7.2
Evocations     | 1 2 3 4 5 6 |  6.2
Invocations    | 2 3 4 5 |  5.1

Action                   |  1- 3 |  4- 6 |  7- 9 | 10-12 || total
-------------------------+-------+-------+-------+-------++-------
Melee: Unarmed           |   183 |   128 |   633 |   962 ||  1906
       Bite              |    13 |    32 |    77 |    87 ||   209
       Short sword       |       |   219 |    37 |       ||   256
Evoke: Wand              |       |     3 |     4 |    23 ||    30
  Use: Potion            |    11 |     8 |    25 |    39 ||    83
       Scroll            |       |     5 |     2 |     8 ||    15
 Stab: Confused          |       |       |     2 |    14 ||    16
       Paralysed         |       |       |    13 |    29 ||    42
Armor: Scale mail        |    90 |   104 |    78 |       ||   272
       Plate armour      |       |       |    99 |   209 ||   308
       Chain mail        |       |       |     7 |   123 ||   130
Dodge: Dodged            |    46 |    77 |   133 |   253 ||   509
Block: Shield            |    81 |   117 |   378 |   623 ||  1199
       Reflection        |       |       |    11 |    14 ||    25
